 Dungeon Crawl Stone Soup version 0.28.0-1-gb440e238dd (webtiles) character file.

Game seed: 7537974728802681773

3810 mortz the Thaumaturge (level 9, -2/40 HPs)
             Began as a Spriggan Fire Elementalist on Feb 19, 2022.
             Was a Priest of Sif Muna.
             Slain by a skeletal warrior (32 damage)
             ... led by a skeletal warrior
             ... on level 9 of the Dungeon.
             The game lasted 01:23:31 (11482 turns).

mortz the Thaumaturge (Spriggan Fire Elementalist) Turns: 11482, Time: 01:23:31

Health: -2/40      AC:  2    Str:  6    XL:     9   Next: 96%
Magic:  16/24      EV: 19    Int: 28    God:    Sif Muna [***...]
Gold:   561        SH:  0    Dex: 16    Spells: 16/29 levels left

rFire   . . .      SeeInvis +   z - +7 war axe of the Wilderness {protect, rElec Int+4}
rCold   . . .      Faith    .   (no shield)
rNeg    . . .      Spirit   .   a - +0 robe
rPois   +          Reflect  .   (helmet restricted)
rElec   +          Harm     .   (no cloak)
rCorr   .          Rampage  .   (gloves unavailable)
Will    +....                   (boots unavailable)
Stlth   +++.......              (no amulet)
HPRegen 0.13/turn               h - +6 ring of intelligence
MPRegen 0.19/turn               w - ring of poison resistance

@: very quick
A: very small, no large weapons, unfitting armour, see invisible, speed 3
a: Renounce Religion, Channel Magic, Forget Spell


You were on level 9 of the Dungeon.
You worshipped Sif Muna.
Sif Muna was most pleased with you.
You visited 1 branch of the dungeon, and saw 9 of its levels.
You also visited: Ossuary.

You collected 561 gold pieces.

Inventory:

Hand Weapons
 e - a +2 spear of venom
 g - a +2 short sword of holy wrath
 l - a +2 falchion of holy wrath
 r - a +1 dagger of venom
 v - a +1 flail of pain
 z - the +7 war axe of the Wilderness (weapon) {protect, rElec Int+4}
   (You took it off a kobold on level 6 of the Dungeon)

   It grants its wielder temporary protection when it strikes (+7 to AC).
   Int:       It affects your intelligence (+4).
   rElec:     It insulates you from electricity.
 J - a +1 whip of flaming
 N - a +0 short sword
Missiles
 j - 21 poisoned darts
 F - a silver boomerang
Armour
 a - a +0 robe (worn)
Jewellery
 h - a +6 ring of intelligence (left hand)
 t - a ring of ice
 w - a ring of poison resistance (right hand)
Wands
 o - a wand of polymorph (18)
 p - a wand of iceblast (21)
 M - a wand of flame (12)
Scrolls
 d - 6 scrolls of teleportation
 f - 2 scrolls of fear
 k - a scroll of noise {unknown}
 m - a scroll of blinking
 n - a scroll of magic mapping {unknown}
 s - a scroll of torment {unknown}
 u - 2 scrolls of holy word
 x - a scroll of enchant weapon {unknown}
 y - a scroll of immolation {unknown}
 D - 3 scrolls of vulnerability {unknown}
 E - a scroll of acquirement {unknown}
 H - a scroll of brand weapon {unknown}
 I - a scroll of silence {unknown}
 L - a scroll of enchant armour {unknown}
Potions
 b - 3 potions of attraction
 c - 2 potions of lignification
 i - 3 potions of heal wounds
 q - 6 potions of curing
 A - a potion of flight {unknown}
 B - 2 potions of mutation {unknown}
 C - a potion of haste
 G - a potion of invisibility {unknown}
 K - a potion of ambrosia {unknown}


   Skills:
 + Level 0.8 Fighting
 + Level 0.1 Long Blades
 + Level 1.8 Axes
 + Level 0.1(1.0) Polearms
 + Level 4.6 Dodging
 + Level 4.6 Stealth
 + Level 10.9 Spellcasting
 + Level 3.3 Conjurations
 + Level 1.7 Hexes
 + Level 7.9 Fire Magic


You had 16 spell levels left.
You knew the following spells:

 Your Spells              Type           Power      Damage    Failure   Level
a - Foxfire               Conj/Fire      100%       2x1d9     1%          1
b - Scorch                Fire           100%       2d10      1%          2
c - Conjure Flame         Conj/Fire      47%        6-21      1%          3
d - Inner Flame           Hex/Fire       42%        N/A       1%          3
e - Flame Wave            Conj/Fire      47%        2d10      3%          4

Your spell library contained the following spells:

 Spells                   Type           Power      Damage    Failure   Level
 Pain                     Necr           60%        1d7       3%          1
 Passwall                 Tmut/Erth      12%        N/A       5%          2
 Wereblood                Tmut           15%        N/A       5%          2
 Summon Mana Viper        Hex/Summ       20%        N/A       56%         5
 Agony                    Necr           15%        N/A       71%         5
 Excruciating Wounds      Necr           7%         N/A       71%         5
 Summon Forest            Summ/Tloc      7%         N/A       71%         5
 Summon Cactus Giant      Summ           7%         N/A       99%         6


Dungeon Overview and Level Annotations

Branches:
Dungeon (9/15)             Temple (0/1) D:7            Lair (0/6) D:8
Ossuary (visited)
    Orc: D:9-12

Altars:
Sif Muna
Wu Jian

Shops:
D:1 (   D:4 *(

Annotations:
D:9 exclusion: obsidian statue


Innate Abilities, Weirdness & Mutations

You are very small and have problems with some larger weapons.
You are too small for most types of armour.
You have supernaturally acute eyesight. (SInv)
You cover ground extremely quickly. (Speed+++)


Message History

You see here a +0 pair of boots.
You open the door.
There is an open door here.
You open the door. 5 skeletal warriors come into view.
A skeletal warrior is wielding a +0 glaive of venom.
Casting: Scorch (safe; 1% risk of failure)
Confirm with . or Enter, or press ? or * to list all spells.
Casting: Flame Wave (dangerous; 3% risk of failure)
Press: ? - help, Dir - look around, f - activate
Okay, then.
Casting: Flame Wave (dangerous; 3% risk of failure)
Confirm with . or Enter, or press ? or * to list all spells.
Flames lash the skeletal warrior but do no damage.
Casting: Scorch (safe; 1% risk of failure)
Confirm with . or Enter, or press ? or * to list all spells.
Casting: Flame Wave (dangerous; 3% risk of failure)
Press: ? - help, Dir - look around, f - activate A wave of flame ripples out! (Press . to intensify the flame waves.)
A wave of flame ripples out!
The flame wave engulfs the skeletal warrior!
The skeletal warrior is lightly damaged.
The flame wave engulfs the skeletal warrior but does no damage.
The skeletal warrior misses you.
A wave of flame ripples out!
The flame wave engulfs the skeletal warrior!
The skeletal warrior is moderately damaged.
The flame wave engulfs the skeletal warrior.
The skeletal warrior is lightly damaged.
The flame wave engulfs the skeletal warrior!
The skeletal warrior is lightly damaged.
The flame wave engulfs the skeletal warrior but does no damage.
The flame wave engulfs the skeletal warrior!
The skeletal warrior is moderately damaged.
You finish channelling waves of flame.
The skeletal warrior hits you with a +0 war axe!
The skeletal warrior hits you from afar with a +0 glaive of venom!!
Ouch! That really hurt!
You die... #..... ........# #..[.. #....... #>.... #......## #..... ......' #.(... ..zz. +..... .zz

#..... #z# #..... #@##
####.. #..# ##....#
##.# #......
######'##### #......
#..........# ###......
+.......[..###........
#..........#...#......
#........[.'.###......
#..........### #......


You could see 5 skeletal warriors.

Vanquished Creatures
  Pikel (D:7)
  A hornet (D:7)
  A wyvern (D:8)
  A vampire (D:9)
  2 shadows (D:9)
  3 water moccasins
  2 orc warriors
  2 black bears
  A necrophage (D:5)
  An ice beast (D:7)
  4 lemures (D:7)
  3 kobold brigands
  A bullfrog (D:8)
  A water moccasin zombie (Ossuary)
  9 killer bees
  3 wights (D:8)
  A centaur zombie (D:5)
  A bullfrog zombie (D:5)
  2 jellies
  6 orc priests
  A centaur skeleton (D:7)
  A hound (D:7)
  2 iguanas
  Jessica (D:3)
  5 orc wizards
  2 killer bee zombies
  2 mummies (Ossuary)
  A howler monkey zombie (D:8)
  4 gnolls (D:5)
  A howler monkey skeleton (D:7)
  7 adders
  5 adder zombies (Ossuary)
  3 worms
  16 orcs
  3 endoplasms
  2 giant cockroaches
  6 hobgoblins
  2 jackals (D:1)
  22 kobolds
  2 quokkas
  3 ball pythons
  3 bats
  4 frilled lizards
  3 gnoll zombies (Ossuary)
  9 goblins
  4 hobgoblin zombies (Ossuary)
  6 kobold zombies (Ossuary)
  4 orc zombies (Ossuary)
  3 rats
173 creatures vanquished.

Vanquished Creatures (others)
  391 foxfires
391 creatures vanquished.

Grand Total: 564 creatures vanquished

Notes
Turn   | Place    | Note
-------+----------+-------------------------------------------
     0 | D:1      | mortz the Spriggan Fire Elementalist began the quest for
                  | the Orb.
     0 | D:1      | Reached XP level 1. HP: 9/9 MP: 5/5
     0 | D:1      | Noticed a large abomination
     1 | D:1      | Noticed an orb of fire
     3 | D:1      | Noticed a red draconian
     3 | D:1      | Noticed an ice dragon
     6 | D:1      | Noticed an iron dragon
     7 | D:1      | Noticed a shadow dragon
     9 | D:1      | Noticed a purple draconian
    11 | D:1      | Noticed a shadow dragon
    15 | D:1      | Noticed a white draconian
    15 | D:1      | Noticed a large abomination
    15 | D:1      | Noticed an iron dragon
    17 | D:1      | Noticed a large abomination
    21 | D:1      | Noticed a tentacled monstrosity
    66 | D:1      | Found a faded altar of an unknown god.
   449 | D:1      | Reached XP level 2. HP: 13/13 MP: 2/6
   484 | D:1      | Found Loew's Antique Weapon Shoppe.
   661 | D:1      | Reached skill level 3 in Spellcasting
   794 | D:1      | Learned a level 2 spell: Scorch
  1063 | D:2      | Found a shimmering blue altar of Sif Muna.
  1068 | D:2      | Became a worshipper of Sif Muna the Loreminder
  1170 | D:2      | Reached XP level 3. HP: 16/16 MP: 2/8
  2051 | D:3      | Reached XP level 4. HP: 21/21 MP: 1/10
  2284 | D:3      | Noticed Jessica
  2286 | D:3      | Killed Jessica
  2470 | D:3      | Reached skill level 1 in Conjurations
  2673 | D:3      | Reached skill level 4 in Spellcasting
  2910 | D:4      | Reached * piety under Sif Muna
  3014 | D:4      | Found Feploc's Assorted Antiques.
  3270 | D:4      | Found Cor Dotz's Weapon Shop.
  3336 | D:4      | Reached XP level 5. HP: 24/24 MP: 6/12
  3707 | D:5      | Entered Level 5 of the Dungeon
  3707 | D:5      | Noticed a black bear
  3713 | D:5      | Killed a black bear
  3877 | D:5      | Reached skill level 5 in Spellcasting
  3877 | D:5      | Reached XP level 6. HP: 28/28 MP: 8/14
  4560 | D:5      | Noticed a water moccasin
  4567 | D:5      | Killed a water moccasin
  4779 | D:5      | Reached XP level 7. HP: 23/32 MP: 5/16
  4946 | D:5      | Reached skill level 6 in Spellcasting
  5614 | D:6      | Reached skill level 5 in Fire Magic
  6000 | D:6      | Reached skill level 7 in Spellcasting
  6034 | D:6      | Identified the +7 war axe of the Wilderness {protect, rElec
                  | Int+4}
  6115 | D:6      | Learned a level 3 spell: Conjure Flame
  6119 | D:6      | Learned a level 3 spell: Inner Flame
  6232 | D:7      | Found a sand-covered staircase.
  6238 | Ossuary  | Entered an ossuary
  6262 | Ossuary  | Reached ** piety under Sif Muna
  6750 | Ossuary  | Reached XP level 8. HP: 37/37 MP: 8/19
  7159 | D:7      | Reached skill level 8 in Spellcasting
  7258 | D:7      | Found a staircase to the Ecumenical Temple.
  7285 | D:7      | Noticed Pikel
  7593 | D:7      | Killed Pikel
  7749 | D:6      | Reached skill level 9 in Spellcasting
  7927 | D:7      | Reached skill level 1 in Hexes
  8086 | D:7      | Noticed a hornet
  8095 | D:7      | Killed a hornet
  8096 | D:7      | Reached XP level 9. HP: 40/40 MP: 15/23
  8657 | D:7      | Found an ornate altar of the Wu Jian Council.
  8972 | D:8      | Reached skill level 1 in Axes
  9333 | D:8      | Reached *** piety under Sif Muna
  9731 | D:8      | Reached skill level 10 in Spellcasting
  9817 | D:8      | Found a staircase to the Lair.
  9874 | D:8      | Upgraded the game from 0.28.0 to 0.28.0-1-gb440e238dd
 10392 | D:8      | Learned a level 4 spell: Flame Wave
 10950 | D:9      | Got Hoshamnom's Early Guide to Magic
 11109 | D:9      | Noticed an obsidian statue
 11197 | D:9      | HP: 1/40 [vampire (13)]
 11478 | D:9      | Noticed a skeletal warrior
 11478 | D:9      | Noticed a skeletal warrior
 11478 | D:9      | Noticed a skeletal warrior
 11478 | D:9      | Noticed a skeletal warrior
 11478 | D:9      | Noticed a skeletal warrior
 11482 | D:9      | Slain by a skeletal warrior

Illustrated notes

Levels and vault maps discovered:
D:1:      shiori_arrival_whats_in_store_for_you, layout_basic, serial_shops,
          shop, hellmonk_ecumenical_altar_run_dry
D:2:      layout_loops_ring, basic_altar
D:3:      layout_basic, uniq_jessica
D:4:      layout_loops_ring, serial_shops, shop, nicolae_shop_waterfront
D:5:      layout_layer_cave
D:6:      layout_cave_pools
D:7:      layout_loops_ring, nicolae_wu_jian_immortal_techniques,
          minmay_temple_entry_stoned_glass, enter_ossuary_3, kennysheep_path_1,
          supply_closet_lemuel, corexii_corridor_pit, uniq_pikel
D:8:      layout_basic, lair_entry_dummy
D:9:      layout_roguey, gammafunk_ghost_split, minivault_16

Skill      XL: |  1  2  3  4  5  6  7  8  9 |
---------------+----------------------------+-----
Spellcasting   | 3 4 5 7 9 10 | 10.9
Fire Magic     | 3 4 5 6 7 |  7.9
Dodging        | 3 4 |  4.6
Conjurations   | 1 2 3 |  3.3
Stealth        | 4 |  4.6
Hexes          | 1 |  1.7
Axes           | 1 |  1.8
Fighting       | |  0.8
Long Blades    | |  0.1
Polearms       | |  0.1

Action                   |  1- 3 |  4- 6 |  7- 9 || total
-------------------------+-------+-------+-------++-------
Melee: Short sword       |     2 |       |       ||     2
       Falchion          |       |     1 |       ||     1
       Spear             |       |     2 |     2 ||     4
       War axe           |       |       |    15 ||    15
       Punch             |       |       |     2 ||     2
 Cast: Foxfire           |    44 |    56 |   124 ||   224
       Scorch            |     9 |    23 |    89 ||   121
       Inner Flame       |       |       |    12 ||    12
       Flame Wave        |       |       |     5 ||     5
  Use: Scroll            |       |     3 |     6 ||     9
       Potion            |       |       |     1 ||     1
Armor: Robe              |     1 |     2 |     6 ||     9
Dodge: Dodged            |    10 |    21 |   111 ||   142
